[Event "Polish Youth B18 Championship 2023"]
[Site "Jastrzebia Gora"]
[Date "2023.03.18"]
[Round "8.21"]
[White "Kozlowski, Franciszek"]
[Black "Wesolek, Krzysztof"]
[Result "1-0"]
[ECO "D20"]
[WhiteElo "1829"]
[BlackElo "1765"]
[Annotator "NA RC COMBH"]
[PlyCount "95"]
[EventDate "2023.03.11"]
[EventType "swiss"]
[EventCountry "POL"]
[SourceTitle "playchess.com"]
[Source "ChessBase"]
[SourceQuality "1"]
[TimeControl "40/5400+30:1800+30"]

1. d4 d5 2. c4 dxc4 3. e3 a6 4. Bxc4 Nf6 5. Nf3 b5 6. Bb3 Bb7 7. O-O e6 8. a4 b4 9. a5 Nbd7 10. Nbd2 Be7 11. Nc4 O-O 12. Qe2 c5 13. Rd1 Qc7 14. Bd2 Rac8 15. Rac1 Qb8 16. Ba4 cxd4 17. exd4 Rfd8 18. Bg5 Nd5 $11 19. Bxe7 Nxe7 20. Ng5 Nf8 21. Qh5 g6 22. Qg4 Nf5 23. Ne4 Bxe4 24. Qxe4 Qa7 25. Nb6 Rxc1 26. Rxc1 Rxd4 27. Qe5 Qe7 28. Rc8 f6 29. Qb8 Qd6 30. Qxd6 Nxd6 31. Ra8 Nb5 32. h3 Rd2 33. Bxb5 axb5 34. a6 Rxb2 35. Nd7 b3 36. Rxf8+ Kg7 37. Rb8 Ra2 38. Rxb5 b2 39. Kh2 Rxa6 40. Rxb2 Ra7 41. Nc5 Ra3 42. Rb7+ Kh6 43. Nxe6 Ra8 44. Rf7 f5 45. Nf8 Ra2 46. h4 Kh5 47. Rxh7+ Kg4 48. f3+ 1-0

[Event "Polish Youth B18 Championship 2023"]
[Site "Jastrzebia Gora"]
[Date "2023.03.18"]
[Round "8.22"]
[White "Smuda, Tomasz"]
[Black "Sternik, Piotr"]
[Result "1/2-1/2"]
[ECO "A00"]
[WhiteElo "1654"]
[BlackElo "1746"]
[Annotator "NA RC COMBH"]
[PlyCount "79"]
[EventDate "2023.03.11"]
[EventType "swiss"]
[EventCountry "POL"]
[SourceTitle "playchess.com"]
[Source "ChessBase"]
[SourceQuality "1"]
[TimeControl "40/5400+30:1800+30"]

1. Nc3 d5 2. e4 dxe4 3. Nxe4 c6 4. Nf3 Bg4 5. Bc4 e6 6. h3 Bh5 7. Ng3 Bxf3 8. Qxf3 Nf6 9. O-O Be7 10. c3 Nbd7 11. d4 O-O 12. Re1 Re8 13. Bg5 h6 14. Bxf6 Nxf6 15. Rad1 Qc7 16. Ne4 Nd5 17. Bd3 Qf4 18. Qxf4 Nxf4 19. Bc2 Rad8 20. Kf1 Rd7 21. h4 Red8 22. g3 Nd5 23. Rd2 b6 24. Rd3 a5 25. Red1 b5 26. Nd2 Nb6 27. Ke2 a4 28. b3 axb3 29. axb3 Ra7 30. b4 Nd5 31. Bb3 Ra3 32. Bxd5 cxd5 33. Rb1 Rc8 34. Nb3 Ra2+ 35. Rd2 Rca8 36. Rbb2 R2a3 37. Kd3 Bd6 38. f4 Kf8 39. Nc5 Ra1 40. Nb3 1/2-1/2

[Event "Polish Youth B18 Championship 2023"]
[Site "Jastrzebia Gora"]
[Date "2023.03.19"]
[Round "9.1"]
[White "Dzida, Kamil"]
[Black "Karolczuk, Iwo"]
[Result "1/2-1/2"]
[ECO "B91"]
[WhiteElo "2333"]
[BlackElo "2346"]
[Annotator "TA"]
[PlyCount "76"]
[EventDate "2023.03.11"]
[EventType "swiss"]
[EventCountry "POL"]
[SourceTitle "playchess.com"]
[Source "ChessBase"]
[SourceQuality "1"]
[TimeControl "40/5400+30:1800+30"]

1. e4 c5 2. Nf3 d6 3. d4 cxd4 4. Nxd4 Nf6 5. Nc3 a6 6. g3 e5 7. Nb3 Be7 8. Bg2 O-O 9. O-O b5 10. a4 {[%emt 0:00:10] B91: Sicilian Najdorf: 6 g3.} b4 11. Nd5 Nxd5 12. Qxd5 Ra7 13. Be3 Be6 14. Qd3 Rb7 15. Rfc1 Qc7 {[%emt 0:02:31] [#]} 16. c3 $1 {[%emt 0:00:18] [#] Threatens to win with cxb4.} bxc3 $146 (16... Bxb3 $2 17. cxb4 Qd8 18. Qxb3 $18) (16... Qd8 17. c4) ({Predecessor:} 16... Bc4 17. Qc2 Be6 18. Qd1 Qd8 19. Bf1 bxc3 20. Rxc3 Bg5 21. Bxg5 Qxg5 22. Bc4 Bxc4 23. Rxc4 {1-0 Ponomariov,R (2734)-Safarli,E (2620) Olympiad-40 Istanbul 2012 (10.2)}) 17. Rxc3 Qd7 18. Na5 (18. Qc2 $14) 18... Rb4 $11 19. b3 Qd8 20. Nc4 Nc6 21. Nxd6 {[%emt 0:24:59][%mdl 64] [#] Discovered Attack} Nd4 22. Nc4 ({Avoid the trap} 22. Bxd4 $2 exd4 23. Rc6 Bxd6 $19) 22... Bxc4 23. bxc4 Bc5 24. Bxd4 (24. Qd1 $11) 24... Bxd4 $15 25. Rd1 $1 {[%emt 0:00:08] White is weak on the dark squares} Qb6 26. c5 Bxc5 27. Rc2 Rxa4 28. Rdc1 Bd4 29. Bf1 a5 30. Kg2 Rb4 31. Rc6 Qd8 32. R1c2 g6 33. Qf3 Rb2 (33... Kg7 {feels hotter.} 34. Bc4 Rb6 35. Rxb6 Bxb6 36. Bd5 f5) 34. Rxb2 Bxb2 35. Qb3 Bd4 36. Bc4 Kg7 37. Qb5 a4 38. Qxa4 Qe7 {[%emt 0:03:46] Weighted Error Value: White=0.07 (flawless) /Black=0.05 (flawless)} 1/2-1/2

[Event "Polish Youth B18 Championship 2023"]
[Site "Jastrzebia Gora"]
[Date "2023.03.19"]
[Round "9.2"]
[White "Kacprzak, Kacper"]
[Black "Luczak, Filip"]
[Result "0-1"]
[ECO "B00"]
[WhiteElo "2248"]
[BlackElo "2345"]
[Annotator "TA"]
[PlyCount "108"]
[EventDate "2023.03.11"]
[EventType "swiss"]
[EventCountry "POL"]
[SourceTitle "playchess.com"]
[Source "ChessBase"]
[SourceQuality "1"]
[TimeControl "40/5400+30:1800+30"]

1. e4 d6 2. d4 Nd7 3. Nf3 g6 4. Bc4 Nb6 5. Bb3 Bg7 6. O-O {[%emt 0:03:15] B07: Pirc Defence: Miscellaneous Systems.} e6 7. Re1 Ne7 {[%emt 0:01:28] [#]} 8. Nbd2 $146 {[%emt 0:02:37][%cal Bb1d2,Bd2f1,Bf1e3,Be3g4][%mdl 32] White is better.} ({Predecessor:} 8. Bf4 d5 9. exd5 Nbxd5 10. Bg5 c6 11. Nbd2 h6 12. Bh4 O-O 13. c3 Nf6 14. Ne5 g5 15. Bg3 Nf5 16. Qe2 Nxg3 17. hxg3 Nd5 18. Rad1 Qc7 19. c4 Ne7 {1-0 Skokov,B (2016)-Breit,N (1993) Omsk-ch 2010 (5)}) 8... O-O 9. Nf1 d5 10. e5 c5 {[%emt 0:01:18] And now ...c4 would win.} 11. c3 (11. dxc5 Nd7 $14) 11... cxd4 12. cxd4 Bd7 13. Ne3 h6 (13... Nf5 $16 {was necessary.}) 14. Ng4 $18 Nf5 15. Bc2 {[%emt 0:00:32] aiming for Bxf5.} Kh7 16. b3 Rh8 17. a4 Rc8 18. Qd2 (18. Bf4 $142) 18... Kg8 (18... Nh4 $142) 19. Ba3 (19. a5 $142 Na8 20. Bxf5 gxf5 21. Nf6+ Bxf6 22. exf6) 19... Nh4 $16 20. Re3 h5 {[%emt 0:02:41] [#]} 21. Nf6+ Bxf6 22. exf6 Qxf6 23. Bd6 {[%emt 0:00:52] Threatens to win with Be5.} Rh7 24. Be5 Qd8 25. Nxh4 Qxh4 26. Rf3 f5 (26... Qe7 $16 {was called for.}) 27. a5 $18 {[%emt 0:02:27][%mdl 1024] White has strong compensation.} Na8 28. Rg3 Kf7 29. Bd3 {[%emt 0:05:15] This pair of bishops is nice. Black is weak on the dark squares} Qd8 {[%emt 0:02:00] [#]} 30. h4 $1 Nc7 (30... Be8 31. a6) 31. Rg5 $2 (31. a6 $18 bxa6 32. Bxa6 Nxa6 33. Rxa6) 31... Ne8 $1 $14 32. Re1 ({Better is} 32. a6 $14 b6 33. Rc1) 32... Nf6 33. b4 a6 (33... Ne4 34. Bxe4 dxe4 35. Rxe4 $16) 34. f3 Rg7 35. Rg3 Rg8 36. Qf4 ({White should play} 36. Rh3 $15) 36... Nh7 ({Black should try} 36... Bb5 $17 37. Bxb5 axb5) 37. Qh6 $11 Nf8 38. Qf4 (38. Rg5 $11 Qe7 39. Rb1) 38... Bb5 $17 39. Bxb5 axb5 40. Bd6 Rc4 41. Bc5 {[%emt 0:03:40] [#]} Nd7 $1 {[%emt 0:04:57][%cal Oe6e5] Prevents Qe5} 42. Bd6 Qf6 43. Rd1 Rgc8 44. Qh6 R8c6 (44... Rxd4 45. Qh7+ Ke8 46. Re1 $16 (46. Qxg6+ $2 Qxg6 47. Rxg6 Rxd1+ $19)) (44... Rh8 45. Qf4 $17) 45. Be7 {[%emt 0:06:46] [#]} (45. Qh7+ Qg7 46. Qxg7+ Kxg7 $19) (45. Qf4 $142) 45... Qg7 $1 $19 (45... Qxe7 $2 {gets mated.} 46. Qxg6+ Kf8 47. Qg8#) (45... Kxe7 46. Rxg6 $16) 46. Qg5 (46. Qxg7+ Kxg7 47. f4) 46... Rxd4 47. Re1 (47. Rxd4 $2 Qxd4+ 48. Kh2 f4 49. Qxg6+ Kxe7) 47... e5 ({But not} 47... Ke8 $2 48. Bc5 $19) 48. Bd8 Kg8 ({Don't do} 48... Rxb4 49. Qe7+ Kg8 50. Qxb4 $18) 49. a6 bxa6 50. Ba5 Kh7 51. Qd8 Rdc4 52. Rg5 e4 {[%emt 0:00:44] Strongly threatening ...Rc1.} 53. fxe4 dxe4 (53... Rc1 $142 54. Kh2 Rxe1 55. Bb6 Nxb6 56. Qb8 Rcc1 57. Qf4 Rh1+ 58. Kg3 Rc3+ 59. Qe3 Rxe3+ 60. Kf2 Qd4 61. Rxh5+ gxh5 62. exf5 Qf4#) 54. Rd1 Rc1 {[%emt 0:01:07] Quite a comeback for Black.   Weighted Error Value: White=0.61/Black=0.23 (precise)} 0-1

[Event "Polish Youth B18 Championship 2023"]
[Site "Jastrzebia Gora"]
[Date "2023.03.19"]
[Round "9.3"]
[White "Kaliszuk, Kamil"]
[Black "Kacprzak, Karol"]
[Result "0-1"]
[ECO "B12"]
[WhiteElo "2217"]
[BlackElo "2221"]
[Annotator "TA"]
[PlyCount "68"]
[EventDate "2023.03.11"]
[EventType "swiss"]
[EventCountry "POL"]
[SourceTitle "playchess.com"]
[Source "ChessBase"]
[SourceQuality "1"]
[TimeControl "40/5400+30:1800+30"]

1. e4 c6 2. d4 d5 3. e5 Bf5 4. h4 h5 5. c4 e6 6. Nc3 Ne7 7. Bg5 Qb6 $1 {[%emt 0:10:46][%mdl 4] is recently more successful than 7...dxc4. B12: Caro-Kann: Advance Variation.} 8. Qd2 Nd7 9. Nge2 dxc4 {[%emt 0:03:16] Black is slightly better.} 10. Ng3 Bg6 {[%emt 0:00:11] Threatens to win with ...0-0-0.} 11. Bxc4 O-O-O {[%emt 0:07:08][%cal Od7e5] [#] aiming for ...Nxe5!} 12. Bf4 (12. O-O-O $11 {remains equal.}) 12... Qb4 13. Be2 Nb6 {[%emt 0:03:32] [#]} (13... c5 $17 14. dxc5 Nxc5) 14. Rd1 $146 ({Predecessor:} 14. O-O-O Ned5 15. Nxd5 Nxd5 16. Qxb4 Nxb4 17. Bc4 b5 18. Bb3 Nd3+ 19. Rxd3 Bxd3 20. Kd2 Rxd4 21. Ke3 Rd7 22. Rd1 Bc5+ {0-1 Perez Guerra,R (1478)-Natalicchio Escalante,N (2237) Gran Canaria Cabildo op 2015 (3)}) 14... Ned5 {[%emt 0:08:36][%cal Be7d5,Bd5b6,Bb6c4,Bc4e3][%mdl 32] White must now prevent ...Nxf4.} 15. Bg5 Rd7 (15... f6 $15 16. exf6 gxf6 17. Nxd5 Nxd5 18. Qxb4 {[%mdl 64] Remove Defender} Bxb4+ 19. Bd2 Bxd2+ 20. Kxd2 e5) 16. O-O (16. a3 $11 Qb3 17. Nxd5 Nxd5 18. Rc1) 16... Nc4 ({Better is} 16... f6 $15 17. exf6 gxf6 18. Bxf6 {[%mdl 64] Remove Defender} Nxf6) 17. Bxc4 $11 Qxc4 18. Qe2 (18. Nxd5 $11 Qxd5 19. a3) 18... Qxe2 $15 19. Ngxe2 Nb6 20. Be3 (20. f3 $11) 20... Nc4 $17 21. b3 Nxe3 22. fxe3 Bb4 23. Rc1 Ba3 24. Rcd1 Rhd8 25. Ng3 Be7 26. Rf4 f6 27. exf6 gxf6 28. Rc1 (28. Nce2 $17 {keeps fighting.}) 28... e5 $19 29. dxe5 fxe5 30. Rc4 {[%emt 0:01:15] [#]} (30. Rf3) 30... Bd3 31. Nce2 Bxc4 32. Rxc4 Rd1+ 33. Kh2 R1d2 34. Nc3 Rc2 {[%emt 0:02:23] Weighted Error Value: White=0.41/Black=0.18 (very precise)} ({Avoid the trap} 34... Rg8 $2 35. Kh3 $19) 0-1

[Event "Polish Youth B18 Championship 2023"]
[Site "Jastrzebia Gora"]
[Date "2023.03.19"]
[Round "9.4"]
[White "Ochedzan, Tymon"]
[Black "Paprocki, Antoni"]
[Result "1/2-1/2"]
[ECO "C26"]
[WhiteElo "2240"]
[BlackElo "2255"]
[Annotator "TA"]
[PlyCount "92"]
[EventDate "2023.03.11"]
[EventType "swiss"]
[EventCountry "POL"]
[SourceTitle "playchess.com"]
[Source "ChessBase"]
[SourceQuality "1"]
[TimeControl "40/5400+30:1800+30"]

1. e4 e5 2. Nc3 Nf6 3. g3 d5 4. exd5 Nxd5 5. Bg2 Nxc3 6. bxc3 Nc6 7. Nf3 Bc5 8. O-O O-O 9. Re1 Qf6 {[%emt 0:01:55] C47: Scotch Four Knights and Four Knights with 4 g3.} 10. d3 Bg4 11. h3 Bh5 12. Be3 (12. g4 $5 Bg6 13. Bg5 $14) 12... Bb6 13. g4 Bg6 14. Nd2 {[%emt 0:00:14] [#]} Qd8 $146 ({Predecessor:} 14... Rad8 15. Qf3 Qxf3 16. Bxf3 Ba5 17. Rab1 Bxc3 18. Rxb7 Nd4 19. Bxd4 Rxd4 20. Re2 Bxd2 21. Rxd2 {½-½ Adhiban,B (2677)-Nguyen,N (2629) FIDE World Cup 2017 (1.3)}) 15. Bxb6 axb6 16. Bxc6 {[%emt 0:00:08][%mdl 64] Remove Defender} bxc6 17. Rxe5 f5 18. Qe2 (18. Qf3 $5 ) 18... Ra3 19. Re7 Qd5 20. c4 Qd4 21. Re1 {[%emt 0:00:09] And now Qe6+ would win.} fxg4 22. hxg4 Rxa2 23. Nf1 Qf4 (23... Bxd3 $2 24. Qe6+ Kh8 25. Rf7 $18 (25. cxd3 $2 {gets mated.} Qxf2+ 26. Kh1 Qg2#)) 24. Ng3 h6 25. Kg2 Kh7 26. Rh1 Ra5 (26... b5 $5 27. Nh5 Bxh5 $15) 27. Ne4 Kg8 28. Rh3 Re5 (28... Ra1 {feels hotter.} 29. Re3 h5 30. Qf3 Qxf3+ 31. Rxf3 Bxe4 32. Rxe4 Rxf3 33. Kxf3 hxg4+ 34. Rxg4 Kf7) 29. Rxe5 Qxe5 30. Re3 Qf4 31. Ng3 b5 32. c5 Qd4 33. Re6 Bf7 34. Qe5 ({Don't go for} 34. Qe4 $2 Qxe4+ 35. Rxe4 Bd5 $19) (34. Nf5 $11 {and White stays safe.} Qd5+ 35. Re4 Qxc5 36. c4 bxc4 37. dxc4) 34... Qxg4 $19 35. Rxc6 {[%emt 0:00:23] [#]} (35. Re7 $142 Bd5+ 36. Kg1) 35... Be8 $2 (35... Re8 $1 $19 36. Qf5 Qxf5 {[%mdl 64] Remove Defender} 37. Nxf5 Bd5+ 38. Kg3 Bxc6) 36. Rxc7 $11 {[%emt 0:02:20] Hoping for Qe4.} Qf3+ 37. Kh3 {[%emt 0:01:56][%csl Gc7][%cal Re5g7] Dancing on a razor blade.} Bf7 38. Qe3 Qd1 {[%emt 0:00:54] [#]} (38... Bd5 $11 39. Qxf3 Rxf3) 39. Qe2 {[%emt 0:00:55] White is more active.} (39. c6 $1 $16) 39... Qg1 $1 40. Re7 {[%emt 0:00:00] Threatens to win with c6.} Bd5 {[%emt 0:00:00] Dodges c6. ( -> ...Qg2+)} 41. Qf1 {[%emt 0:05:35] Against Qg2+} (41. Qe5 $2 {is a self mate.} Qg2+ 42. Kg4 Bf3+ 43. Kh4 Qh2#) 41... Qxf2 42. Qxf2 Rxf2 43. Ne2 g5 (43... b4 $11 {remains equal.}) 44. Nd4 $16 {[%emt 0:01:48] Strongly threatening Rd7.} Rf4 45. Nxb5 (45. c3 $1 $14) 45... Rf3+ $1 $11 46. Kg4 {[%emt 0:01:12] c4 is the strong threat.} Rf4+ {[%emt 0:00:38] Weighted Error Value: White=0.27 (precise) /Black=0.23 (precise)} 1/2-1/2

[Event "Polish Youth B18 Championship 2023"]
[Site "Jastrzebia Gora"]
[Date "2023.03.19"]
[Round "9.5"]
[White "Backiel, Hubert"]
[Black "Chyzy, Jakub"]
[Result "1/2-1/2"]
[ECO "D35"]
[WhiteElo "2127"]
[BlackElo "2250"]
[Annotator "TA"]
[PlyCount "92"]
[EventDate "2023.03.11"]
[EventType "swiss"]
[EventCountry "POL"]
[SourceTitle "playchess.com"]
[Source "ChessBase"]
[SourceQuality "1"]
[TimeControl "40/5400+30:1800+30"]

1. d4 Nf6 2. c4 e6 3. Nc3 d5 4. cxd5 exd5 5. Bg5 Be7 6. e3 O-O 7. Bd3 Nbd7 8. Qc2 Re8 9. h3 Nf8 10. Nf3 c6 11. O-O Ne4 12. Bf4 Ng5 {[%emt 0:04:17] is the legacy move (12...f5).} 13. Nxg5 Bxg5 14. Bh2 {[%emt 0:00:04] D36: Queen's Gambit Declined: Exchange Variation: Main line (5 Bg5 c6 6 Qc2).} Be7 {[%emt 0:02:31] Prevents b4} 15. Rab1 Bd6 16. Bxd6 {[%emt 0:04:48] White is slightly better.} Qxd6 17. b4 a6 18. a4 {[%emt 0:02:40][%cal Ba2a4,Ba4b5][%mdl 32] [#]} Re6 $146 ({Black should play} 18... g6 $14) ({Predecessor:} 18... Ng6 19. Qd1 f5 20. Re1 Bd7 21. Bf1 Nh8 22. a5 Re7 23. Na4 Rae8 24. Nc5 Bc8 25. Qd2 Nf7 26. f4 Qh6 27. Qf2 Nd6 28. h4 Qf6 29. g3 {½-½ Terrieux,K (2331)-Vernay,C (2381) FRA-ch Accession 2007 (8)}) 19. Ne2 Rh6 20. Ng3 Ng6 21. b5 cxb5 22. axb5 a5 23. Rfc1 {[%emt 0:02:31] [#] Threatens to win with Qxc8+.} Ne7 24. Rb3 Kf8 25. Rc3 {[%emt 0:02:04][%cal Rc3c8] Strongly threatening Rxc8+!} (25. Bxh7 $2 g6 26. Bxg6 Rxg6 $19) 25... Qb6 {[%emt 0:05:10] [#]} (25... Bd7 $16 26. Rc7 (26. Bxh7 $2 g6 $19) 26... b6) 26. Rc7 ({Stronger than} 26. Bxh7 g6 27. Bxg6 Rxg6 $17) (26. Bf5 $1 $18 Be6 27. Rc7 (27. Bxh7 g6 $17)) 26... Nc6 27. Qc5+ Qxc5 28. dxc5 Ne7 {[%emt 0:03:33] Wards off Bf5} ({Better is} 28... Nd8) 29. Ne2 $16 b6 30. Nd4 Ke8 31. Ra1 {[%emt 0:01:07] White is much more active. The black rooks are badly placed.} Bd7 32. cxb6 (32. c6 $6 Bc8 $11) 32... Rxb6 33. Rc3 ({Don't do} 33. Bxh7 g6 $14) 33... Rb7 34. Rca3 ({Of course not} 34. Bxh7 g6 $11) 34... Rba7 35. Nb3 Nc8 36. Rxa5 Rxa5 37. Rxa5 Rxa5 38. Nxa5 {[%emt 0:00:03][%mdl 4096] Endgame KBN-KBN} Kd8 39. Nb7+ (39. Nb3 $16) 39... Kc7 $14 40. Nc5 {[%emt 0:00:00] And now Nxd7 would win.} Be8 41. Na4 h6 42. Kh2 Nb6 $1 43. Nc3 Kd6 44. Kg3 {[%emt 0:05:11] The position is equal.} Nc4 45. Kf4 Kc5 46. h4 Bxb5 {[%emt 0:00:35] Black escapes into a draw.   Weighted Error Value: White=0.11 (very precise) /Black=0.10 (very precise)} 1/2-1/2

[Event "Polish Youth B18 Championship 2023"]
[Site "Jastrzebia Gora"]
[Date "2023.03.19"]
[Round "9.6"]
[White "Taranowicz, Michal"]
[Black "Turski, Bartlomiej"]
[Result "0-1"]
[ECO "B40"]
[WhiteElo "1900"]
[BlackElo "2352"]
[Annotator "TA"]
[PlyCount "136"]
[EventDate "2023.03.11"]
[EventType "swiss"]
[EventCountry "POL"]
[SourceTitle "playchess.com"]
[Source "ChessBase"]
[SourceQuality "1"]
[TimeControl "40/5400+30:1800+30"]

1. e4 c5 2. Nf3 e6 3. d3 Nc6 4. g3 d6 5. Bg2 Nf6 6. O-O Be7 7. Re1 e5 {[%emt 0:00:59] B30: Sicilian: 2...Nc6 3 Bb5, lines without ...g6.} 8. h3 Be6 9. c3 {[%emt 0:00:14] [#]} Qb6 $146 {[%emt 0:03:37] The position is equal.} ({Predecessor:} 9... O-O 10. Na3 h6 11. Nc2 Qd7 12. Kh2 Rfe8 13. b3 Bd8 14. Bb2 {½-½ Clair,M (2185)-Pansier,P (2299) Jacques Jaudran mem sf2 corr 2002}) 10. Nbd2 O-O 11. Nc4 Qc7 12. Ne3 d5 13. Nf5 (13. Ng5 $5 d4 14. Nxe6 fxe6 15. Nc4 $11) 13... Bxf5 14. exf5 Rad8 15. Qa4 Rfe8 16. g4 h6 17. Be3 {[%emt 0:08:35] [#]} b5 18. Qxb5 $11 Rb8 19. Qa4 Rxb2 20. h4 (20. Nd2 $11) 20... e4 $1 $15 21. dxe4 dxe4 22. Nd2 (22. g5 $142 exf3 23. gxf6 fxg2 24. Bc1 Rxf2 25. Qg4 (25. Kxf2 $2 Qh2 $19)) 22... Nxg4 $17 23. Nxe4 $2 (23. Qxe4 $17 Qh2+ 24. Kf1) 23... Bxh4 $2 (23... Qh2+ $1 $19 24. Kf1 Bxh4) 24. Nf6+ Bxf6 25. Qxg4 Ne5 {[%emt 0:01:29] Black is more active.} 26. Qg3 Kh8 (26... Kh7 {seems wilder.} 27. Bf4 c4 28. Re3 Rd2) 27. Bf4 Rbb8 (27... c4 $15) 28. Re3 Re7 29. Rae1 Rbe8 30. Bf1 (30. c4 $11) 30... Kh7 (30... c4 $15) 31. Bb5 Rb8 {[%emt 0:00:42][%mdl 8192] Black is weak on the light squares} (31... Qb7 $1 $11 {and Black is okay.} 32. Bxe5 (32. Bxe8 Nf3+ {[%mdl 64] Pin, Double Attack} 33. Kf1 Nd2+ 34. Kg1 Nf3+ {[%mdl 64] Pin, Double Attack} 35. Kf1 Nd2+ 36. Kg1 Nf3+ $11 {[%mdl 64] Pin, Double Attack}) 32... Bxe5 33. Bxe8 Bxg3 34. Rxe7 Qf3 35. fxg3 Qxg3+ 36. Kf1 Qf3+ 37. Kg1 Qg3+ 38. Kh1 Qh3+ 39. Kg1 Qg3+) 32. a4 $18 (32. Bxe5 Bxe5 33. Rxe5 Rxe5 34. Qxe5 Qxe5 35. Rxe5 Rxb5 $17) (32. Ba4 Qa5 $18) 32... a6 33. Bxa6 {[%emt 0:00:11] A strong pair of Bishops.} ({Weaker is} 33. Bxe5 Bxe5 34. Rxe5 Rxe5 35. Qxe5 Qxe5 36. Rxe5 axb5 37. axb5 Rxb5 $11) 33... Qc6 {[%emt 0:00:40] And now ...Nf3+ would win.} 34. Bxe5 ({Worse is} 34. Rxe5 Bxe5 35. Bxe5 f6 $11) 34... Rxe5 35. Rxe5 Qxa6 36. Rxc5 Rd8 37. a5 Qb7 (37... Rd2 {is more resistant.} 38. Qb8 Bd8) 38. Qg2 Qb2 39. Qf3 Qa3 40. Qc6 Qa2 41. Qe4 {[%emt 0:17:43] Prevents Rd3} Rd2 42. Rf1 Rd8 (42... Rd7 $142 43. Qc4 Qd2) 43. Kg2 Qd2 44. Qe3 Qa2 45. Rh1 Qa4 46. Re1 (46. Qe2 $18) 46... Qg4+ $2 (46... Be7 $16) 47. Qg3 Qa4 48. Qf3 {[%emt 0:01:47] Inhibits Ra8.} Qa2 49. c4 Rd2 {[%emt 0:01:44] Hoping for ...Bd4.} 50. Rd5 (50. Rd1 $18 {has better winning chances. Rxd2 would be deadly.} Rc2 51. Rc6) 50... Rc2 $16 51. Re4 {[%emt 0:02:14] Strongly threatening Rd7.} Rc1 $2 (51... Qa1 $16) 52. Rc5 $2 (52. Rd1 $1 $18 Rc3 53. Rd3) 52... Qb1 $11 {[%emt 0:02:22] The board is on fire.} (52... Qa1 $5 53. Kh2 $8 Rc3 $11) 53. Kh2 {[%emt 0:01:27] Wards off Rh1+} Qb8+ 54. Qg3 Qb1 55. Qg2 {[%emt 0:00:42] Re8 is the strong threat.} Qb8+ 56. Kh3 Qb1 57. Kh2 {[%emt 0:04:10] Against Rh1+. Threatens to win with Re8.} Qb8+ 58. f4 Bg5 59. Qf2 {[%emt 0:02:08][%mdl 8192] [#]} (59. Qf3 $11) 59... Qb1 $1 $19 60. Rce5 {[%emt 0:02:21] [#]} Rh1+ $1 61. Kg2 Bh4 62. Re1 Qb7+ (62... Rxe1 $2 63. Rxe1 Qb7+ 64. Qf3 $18) 63. Qf3 Rh2+ $1 {[%emt 0:00:10][%mdl 64] Deflection} ({Don't do} 63... Bxe1 64. Qxb7 Rh4 65. Rxe1 Rg4+ 66. Kf3 Rh4 67. Qxf7 Rh3+ 68. Kg4) 64. Kxh2 Qxf3 65. R1e2 Qxf4+ (65... Bf2 $142 66. Rxf2 Qxf2+ 67. Kh3 Qf3+ 68. Kh2 Qxf4+ 69. Kg1 Qxe5 70. a6 Qe1+ 71. Kh2 Qf2+ 72. Kh1 h5 73. c5 h4 74. a7 Qa2 75. Kg1 h3 76. a8=Q Qxa8 77. Kf2 h2 78. c6 Qxc6 79. Kg3 h1=Q 80. Kg4 Qcf3+ 81. Kg5 Qh6#) 66. Kg2 {[%emt 0:00:09] Black is clearly winning.} Qg4+ 67. Kh1 Qf3+ 68. Kg1 {[%emt 0:00:05] [#]} Bf2+ $1 {[%emt 0:00:31][%mdl 576] Decoy. What a fight! A cool game by Turski.   Weighted Error Value: White=0.57/Black=0.41} 0-1

[Event "Polish Youth B18 Championship 2023"]
[Site "Jastrzebia Gora"]
[Date "2023.03.19"]
[Round "9.7"]
[White "Luberanski, Jakub"]
[Black "Czernek, Tymon"]
[Result "0-1"]
[ECO "A05"]
[WhiteElo "2242"]
[BlackElo "2314"]
[Annotator "TA"]
[PlyCount "60"]
[EventDate "2023.03.11"]
[EventType "swiss"]
[EventCountry "POL"]
[SourceTitle "playchess.com"]
[Source "ChessBase"]
[SourceQuality "1"]
[TimeControl "40/5400+30:1800+30"]

1. Nf3 Nf6 2. b3 g6 3. Bb2 Bg7 4. g3 b6 5. Bg2 Bb7 6. O-O O-O 7. c4 c5 8. d4 cxd4 9. Nxd4 Bxg2 10. Kxg2 d5 11. cxd5 {[%emt 0:00:59] A30: Symmetrical English: Double Fianchetto and Hedgehog.} Qxd5+ 12. Nf3 Qb7 13. Nbd2 {[%emt 0:00:28][%cal Bb1d2,Bd2c4,Bc4e5][%mdl 32] Black has an edge.} Rd8 {[%emt 0:00:59] [#] And now ...Ne4 would win.} 14. Qc2 {[%emt 0:01:18] [#] Prevents Ne4.} Nc6 $146 {[%emt 0:01:57] Strongly threatening ...Nb4.} (14... Na6 $5 15. Rad1 Rac8 $11) ({Predecessor:} 14... Na6 15. Rac1 Nb4 16. Qb1 Rxd2 17. Bc3 Rxe2 18. Bxb4 Nd5 19. Qd3 Ne3+ 20. Qxe3 Rxe3 21. fxe3 {0-1 Drazic,S (2473)-Kuljasevic,D (2577) Split op 3rd 2013 (6)}) 15. Rad1 Rac8 16. Qb1 Nd4 17. Bxd4 Rxd4 18. Nc4 Rxd1 19. Rxd1 b5 20. Nce5 (20. Na5 $5 Qb6 21. b4 $11) 20... Nd5 21. Qe4 e6 22. Nd3 Qe7 {[%emt 0:11:29] Against Nb4} (22... Qd7 $15 23. Rd2 f5) 23. Rd2 (23. Nf4 $1 $11 Nc3 24. Nd5 Nxd5 25. Rxd5) 23... f5 $17 24. Qh4 Bf6 $36 {[%emt 0:00:26][%mdl 2048] Black is on the roll. Black is more active.} 25. Qh6 Bg7 26. Qh4 Bf6 27. Qh6 a5 28. h4 $2 (28. Nf4 $15) 28... Bg7 $19 29. Qg5 {[%emt 0:00:06] [#]} Qf8 30. h5 $2 (30. Nf4 Bf6 31. Nxe6 Bxg5 32. Rxd5) 30... Bf6 {[%emt 0:00:24][%mdl 64] Trapped Piece.   Weighted Error Value: White=0.52/Black=0.12 (very precise)} 0-1